 Dungeon Crawl Stone Soup version 0.27-a0-1147-gb3d8e82157 (webtiles) character file.

Game seed: 8522405664656653089

106 Vomitron the Magician (level 4, -1/33 HPs)
             Began as a Djinni Venom Mage on May 12, 2021.
             Was a Follower of Okawaru.
             Slain by an ogre
             ... wielding a +0 giant spiked club
              (28 damage)
             ... on level 3 of the Dungeon.
             The game lasted 00:04:14 (3239 turns).

Vomitron the Magician (Djinni Venom Mage)           Turns: 3239, Time: 00:04:15

Health: -1/33      AC:  3    Str:  7    XL:     4   Next: 84%
Gold:   80         EV: 12    Int: 17    God:    Okawaru [*.....] SH:  0 Dex: 14

rFire    + + .     SeeInvis .   n - +1 dagger (speed)
rCold    x . .     Faith    .   (no shield)
rNeg     . . .     Spirit   .   a - +0 robe
rPois    ∞         Reflect  .   (no helmet)
rElec    .         Harm     .   (no cloak)
rCorr    .         Rampage  .   c - +0 pair of gloves
Will     .....                  (boots unavailable)
Stlth    ++........             (no amulet)
HPRegen  0.11/turn              (no ring)
MPRegen  0.00/turn              (no ring)

@: flying
A: sickness immunity, fire resistance 2, cold vulnerability 1, float, innate
caster, hp casting, extra vitality 1
a: Renounce Religion, Heroism


You were on level 3 of the Dungeon.
You worshipped Okawaru.
Okawaru was aware of your devotion.
You visited 1 branch of the dungeon, and saw 3 of its levels.

You collected 80 gold pieces.

Inventory:

Hand Weapons
 e - a +0 dagger of speed
 n - a +1 dagger of speed (weapon)
Armour
 a - a +0 robe (worn)
 c - a +0 pair of gloves (worn)
 m - a +0 kite shield
Wands
 l - a wand of flame (24)
Scrolls
 b - a scroll of teleportation {unknown}
 d - 2 scrolls of noise {unknown}
 g - a scroll of vulnerability {unknown}
 k - a scroll of magic mapping {unknown}
Potions
 f - a potion of resistance {unknown}
 h - a potion of berserk rage {unknown}
 i - a potion of magic {unknown}
 j - a potion of mutation {unknown}


   Skills:
 + Level 2.0 Fighting
 + Level 0.1 Armour
 - Level 2.1 Dodging
 - Level 1.5 Stealth
 * Level 3.8 Spellcasting
 + Level 1.4 Invocations


You couldn't memorise any spells.
You knew the following spells:

 Your Spells              Type           Power      Damage    Failure   Level
a - Sting                 Tmut/Pois      64%        1d6       3%          1
b - Poisonous Vapours     Pois/Air       32%        N/A       4%          2
c - Mephitic Cloud        Conj/Pois/Air  16%        N/A       10%         3
d - Ignite Poison         Fire/Tmut/Pois 16%        N/A       10%         3
e - Olgreb's Toxic Radia  Pois           16%        N/A       32%         4
f - Magic Dart            Conj           64%        1d6       3%          1
Your spell library was empty.

Dungeon Overview and Level Annotations

Branches:
Dungeon (3/15)

Altars:
Okawaru


Innate Abilities, Weirdness & Mutations

You are immune to sickness and miasma.
You are immune to poison.
Your flesh is very heat resistant. (rF++)
You are vulnerable to cold. (rC-)
You float through the air rather than walking.
You learn spells naturally, not from books.
Your magical power is your life essence.
You have superior vitality. (+4 HP)


Message History

Unknown command.
Unknown command.
Casting: Magic Dart (safe; 3% risk of failure)
Confirm with . or Enter, or press ? or * to list all spells.
Aiming: Magic Dart (safe; 3% risk of failure)
Press: ? - help, Shift-Dir - straight line, f/p - goblin
Aim: a goblin, wielding a +0 hunting sling and quivering stones (moderately wounded, 100% to hit)
The magic dart hits the goblin.
You kill the goblin!
Okawaru accepts your kill.
Unknown command.
You start resting.
An ogre is nearby!
Casting: Magic Dart (safe; 3% risk of failure)
Confirm with . or Enter, or press ? or * to list all spells.
Aiming: Sting (safe; 3% risk of failure)
Press: ? - help, Shift-Dir - straight line, f - ogre
Aim: an ogre, wielding a +0 giant spiked club (wandering, hasn't noticed you, 88% to hit)
The sting hits the ogre.
The ogre is poisoned.
The ogre is moderately wounded.
The ogre shouts!
You hear a shout! x2
Casting: Sting (safe; 3% risk of failure)
Confirm with . or Enter, or press ? or * to list all spells.
Aiming: Sting (safe; 3% risk of failure)
Press: ? - help, Shift-Dir - straight line, f/p - ogre
Aim: an ogre, wielding a +0 giant spiked club (moderately wounded, poisoned, 88% to hit)
The sting hits the ogre but does no damage.
The ogre looks even sicker.
The ogre is moderately wounded.
Unknown command.
Casting: Sting (safe; 3% risk of failure)
Confirm with . or Enter, or press ? or * to list all spells.
Aiming: Sting (safe; 3% risk of failure)
Press: ? - help, Shift-Dir - straight line, f/p - ogre
Aim: an ogre, wielding a +0 giant spiked club (moderately wounded, very poisoned, 88% to hit)
The sting hits the ogre.
The ogre looks even sicker.
The ogre is severely wounded.
The ogre hits you with a +0 giant spiked club!!
Ouch! That really hurt!
You die... ###### #..g.# #'##.# #gg

#.# #.g
#)######### ####gO
#..)......#
...#############.#
.....<# #O#
...##.# #@#
...>#.# #.#
.####.# #.#
......### #.#
.#......# #.#
..<.....#### #.#
##.........# #.#
........##.# #.#
###.....##.# #.#


You could see an ogre (very poisoned).

Vanquished Creatures
  A hound (D:2)
  An adder (D:2)
  A shadow imp (D:2)
  2 worms
  2 bats
  9 endoplasms
  10 goblins
  5 hobgoblins
  3 jackals (D:2)
  3 kobolds
  4 quokkas
  4 frilled lizards (D:1)
  4 rats
49 creatures vanquished.

Notes
Turn   | Place    | Note
-------+----------+-------------------------------------------
     0 | D:1      | Vomitron the Djinni Venom Mage began the quest for the Orb.
     0 | D:1      | Reached XP level 1. HP: 15/15 MP: 0/0
   364 | D:1      | Reached skill level 3 in Spellcasting
   364 | D:1      | Reached XP level 2. HP: 19/22 MP: 0/0
   576 | D:1      | Reached skill level 1 in Fighting
   662 | D:1      | Found a faded altar of an unknown god.
   701 | D:1      | Became a worshipper of Warmaster Okawaru
   701 | D:1      | Reached * piety under Okawaru
  1317 | D:2      | Reached XP level 3. HP: 27/27 MP: 0/0
  1317 | D:2      | Learned a level 1 spell: Magic Dart
  2203 | D:2      | Reached skill level 1 in Invocations
  2203 | D:2      | Reached XP level 4. HP: 11/33 MP: 0/0
  3153 | D:3      | Noticed an ogre
  3239 | D:3      | Slain by an ogre

Illustrated notes

Levels and vault maps discovered:
D:1:      dpeg_arrival_renting, layout_basic, basic_ecumenical_altar
D:2:      layout_basic
D:3:      layout_basic, serial_shops, nicolae_shop_window_shopping, shop, shop,
          shop, shop, minmay_ogre_servants

Skill      XL: |  1  2  3  4 |
---------------+-------------+-----
Spellcasting   | 3 |  3.8
Fighting       | 1 2 |  2.0
Invocations    | 1 |  1.4
Armour         | |  0.1
Dodging        | |  2.1
Stealth        | |  1.5

Action                   |  1- 3 |  4- 6 || total
-------------------------+-------+-------++-------
Melee: Dagger            |    43 |    12 ||    55
 Cast: Sting             |    42 |    20 ||    62
       Magic Dart        |    25 |     6 ||    31
 Stab: Sleeping          |     1 |     1 ||     2
Armor: Robe              |     6 |     3 ||     9
Dodge: Dodged            |    24 |    10 ||    34

Table legend: (Time is in decaauts)
 A = Elapsed time spent in this place.
 B = Non-inter-level travel time spent in this place.
 C = Inter-level travel time spent in this place.
 D = Time resting spent in this place.
 E = Time spent auto-exploring this place.
 F = Levels seen in this place.
 G = Mean time per level.
                   A        B        C        D        E       F      G
               +--------+--------+--------+--------+--------+-----+--------+
         Total |   3219 |   3143 |     76 |    966 |   1818 |   3 | 1073.0 |
       Dungeon |   3219 |   3143 |     76 |    966 |   1818 |   3 | 1073.0 |
               +--------+--------+--------+--------+--------+-----+--------+

Top non-repeatable levels by time:
     D:2: 1705 daAuts
     D:1: 1304 daAuts
     D:3: 210 daAuts
